 Dungeon Crawl Stone Soup version 0.30-a0-242-g7bf8e6d787 (webtiles) character file.

Game seed: 11945133011008890815

734 zishaf the Fighter (level 7, -3/69 HPs)
             Began as a Ghoul Warper on Oct 11, 2022.
             Slain by an orc priest
             ... wielding a +0 mace
              (7 damage)
             ... on level 5 of the Dungeon.
             The game lasted 00:06:09 (4698 turns).

zishaf the Fighter (Ghoul Warper)                   Turns: 4698, Time: 00:06:09

Health: -3/69      AC:  6    Str: 17    XL:     7   Next: 74%
Magic:  8/8        EV: 11    Int:  8    God:
Gold:   210        SH:  0    Dex:  8    Spells: 9/9 levels left

rFire   . . .      SeeInvis .      - Unarmed
rCold   + . .      Faith    .    (no shield)
rNeg    + + +      Spirit   .    s - +1 leather armour {rN+}
rPois   ∞          Reflect  .    (no helmet)
rElec   .          Harm     .    h - +1 cloak
rCorr   .          Rampage  .    (no gloves)
Will    .....                    (no boots)
Stlth   +.........               (no amulet)
HPRegen 0.00/turn                (no ring)
MPRegen 0.11/turn                (no ring)

@: inhibited regen, hasted, very quick
A: claws 1, cold resistance 1, negative energy resistance 3, inhibited
regeneration, torment resistance 2, devour on kill
a: no special abilities


You were on level 5 of the Dungeon.
You visited 2 branches of the dungeon, and saw 6 of its levels.

You collected 210 gold pieces.

Inventory:

Missiles
 c - 6 boomerangs of dispersal (quivered)
 d - 5 curare-tipped darts
 k - 6 boomerangs
Armour
 a - a +0 leather armour
 h - a +1 cloak (worn)
 j - a +1 robe of willpower
 s - a +1 leather armour of positive energy (worn)
Jewellery
 i - an amulet of faith
Scrolls
 b - 2 scrolls of blinking
 m - 3 scrolls of identify
Potions
 e - 3 potions of brilliance
 g - a potion of haste
 l - a potion of lignification {unknown}
 o - a potion of ambrosia {unknown}
 p - 2 potions of might
 r - a potion of resistance {unknown}


   Skills:
 * Level 8.6 Fighting
 - Level 0.8 Throwing
 - Level 1.0 Armour
 - Level 2.0 Dodging
 - Level 4.0 Unarmed Combat
 - Level 1.7 Spellcasting
 - Level 2.6 Translocations


You had 9 spell levels left.
You didn't know any spells.
Your spell library contained the following spells:

 Spells                   Type           Power      Damage    Failure   Level
 Blink                    Tloc           10%        N/A       22%         2
 Lesser Beckoning         Tloc           10%        N/A       41%         3
 Teleport Other           Tloc           5%         N/A       41%         3
 Vhi's Electric Charge    Tloc/Air       4%         N/A       58%         3
 Manifold Assault         Tloc           5%         N/A       82%         4


Dungeon Overview and Level Annotations

Branches:
Dungeon (5/15)             Temple (1/1) D:5

Altars:
Cheibriados
Fedhas
Kikubaaqudgha
Makhleb
Okawaru
Sif Muna
Trog
Uskayaw
Xom
Lugonu

Shops:
D:2 :   D:4 ?


Innate Abilities, Weirdness & Mutations

You are immune to poison.
You have sharp fingernails.
Your flesh is cold resistant. (rC+)
You are immune to negative energy. (rN+++)
You do not regenerate when monsters are visible.
You are immune to unholy pain and torment.
You thrive by killing the living.


Message History

The orc hits you with a +0 club.
* * * LOW HITPOINT WARNING * * *
You barely miss the orc.
The orc is moderately wounded.
The orc barely misses you.
The orc priest calls upon Beogh to heal the orc.
The orc's wounds heal themselves!
You scratch the orc but do no damage. The orc closely misses you.
You barely miss the orc. You scratch the orc.
The orc is lightly wounded.
The orc barely misses you.
You scratch the orc.
The orc is severely wounded.
You scratch the orc but do no damage.
The orc is severely wounded.
The orc completely misses you.
The orc priest calls upon Beogh to heal the orc.
The orc's wounds heal themselves!
You scratch the orc.
The orc is heavily wounded.
The orc hits you with a +0 club.
* * * LOW HITPOINT WARNING * * *
You scratch the orc but do no damage.
The orc is heavily wounded.
You barely miss the orc.
The orc is heavily wounded.
The orc hits you with a +0 club.
* * * LOW HITPOINT WARNING * * *
You scratch the orc but do no damage. Your claw misses the orc.
The orc is heavily wounded.
The orc hits you with a +0 club.
* * * LOW HITPOINT WARNING * * *
You claw the orc!
You kill the orc!
The orc closely misses you. Something hits you.
* * * LOW HITPOINT WARNING * * *
Deactivating autopickup; reactivate with Ctrl-A.
The orc priest hits you with a +0 mace!
You die...

#.#.........#
#.##.#####.##
#....# #.#
###### #.# #.#
#.# #.# #)# #@#
......oo{....#
#####..o......#
##.........
##........
#........
#.#......
#'##....#


You could see an orc priest and 2 orcs.

Vanquished Creatures
  Menkaure (D:5)
  An ice beast (D:5)
  An ogre (D:4)
  A phantom (D:2)
  A howler monkey (Temple)
  2 orc priests
  Jessica (D:2)
  An iguana (D:4)
  Terence (D:2)
  2 orc wizards
  A gnoll (D:1)
  5 adders
  2 dart slugs
  12 orcs
  8 ball pythons
  4 bats
  6 endoplasms
  5 giant cockroaches
  8 goblins
  8 hobgoblins
  A quokka (D:1)
  2 frilled lizards
  3 kobolds
  5 rats
82 creatures vanquished.

Vanquished Creatures (others)
  9 plants (D:5)
9 creatures vanquished.

Grand Total: 91 creatures vanquished

Notes
Turn   | Place    | Note
-------+----------+-------------------------------------------
     0 | D:1      | zishaf the Ghoul Warper began the quest for the Orb.
     0 | D:1      | Reached XP level 1. HP: 17/17 MP: 2/2
    36 | D:1      | Reached skill level 1 in Armour
   155 | D:1      | Reached XP level 2. HP: 25/25 MP: 3/3
   248 | D:1      | Reached skill level 3 in Fighting
   396 | D:1      | Reached XP level 3. HP: 31/31 MP: 4/4
   763 | D:2      | Noticed Jessica
   785 | D:2      | Killed Jessica
   786 | D:2      | Reached skill level 4 in Fighting
   786 | D:2      | Reached XP level 4. HP: 14/40 MP: 5/5
   787 | D:2      | Noticed a phantom
   917 | D:2      | Found Lipupenn's Book Shoppe.
  1058 | D:2      | Killed a phantom
  1059 | D:2      | Reached XP level 5. HP: 25/47 MP: 6/6
  1186 | D:2      | Noticed Terence
  1212 | D:2      | Killed Terence
  1213 | D:2      | Reached skill level 5 in Fighting
  1484 | D:2      | You fall into a shaft and drop 1 floor!
  1936 | D:3      | Found an iron altar of Okawaru.
  2014 | D:3      | Reached XP level 6. HP: 50/57 MP: 7/7
  2267 | D:3      | Found a hide-covered altar of Uskayaw.
  2291 | D:3      | Reached skill level 6 in Fighting
  3351 | D:4      | Found Rajuh's Magic Scroll Boutique.
  3904 | D:4      | Reached skill level 7 in Fighting
  4120 | D:5      | Entered Level 5 of the Dungeon
  4138 | D:5      | Noticed an ice beast
  4161 | D:5      | Killed an ice beast
  4162 | D:5      | Reached XP level 7. HP: 48/66 MP: 8/8
  4236 | D:5      | Found a blossoming altar of Fedhas.
  4381 | D:5      | Found a staircase to the Ecumenical Temple.
  4385 | D:5      | Noticed Menkaure
  4392 | Temple   | Entered the Ecumenical Temple
  4446 | D:5      | Killed Menkaure
  4447 | D:5      | Reached skill level 8 in Fighting
  4682 | D:5      | HP: 3/69 [something (2)]
  4698 | D:5      | Slain by an orc priest

Illustrated notes

Levels and vault maps discovered:
D:1:      minmay_arrival_solitary_statue, layout_loops_ring, serial_rivers,
          chequers_serial_rivers_small_3, chequers_serial_rivers_small_b,
          chequers_serial_rivers_micro_d, chequers_serial_rivers_micro_a
D:2:      layout_loops_cross, serial_shops, shop, uniq_terence, uniq_jessica
D:3:      layout_basic, okawaru_trees_1, nicolae_uskayaw_suspiria
D:4:      layout_rooms, elyvilon_altar_3, serial_shops, nicolae_shop_trees,
          sigmund_army
D:5:      layout_loops_corners, mainiacjoe_overflow_chevrons,
          nicolae_overflow_crystal_walls, minmay_temple_entry_ruins,
          uniq_menkaure
Temple:   corrupted_temple

Skill      XL: |  1  2  3  4  5  6  7 |
---------------+----------------------+-----
Armour         | 1 |  1.0
Dodging        | 2 |  2.0
Fighting       | 3 4 5 7 8 |  8.6
Unarmed Combat | 3 4 |  4.0
Throwing       | |  0.8
Spellcasting   | |  1.7
Translocations | |  2.6

Action                   |  1- 3 |  4- 6 |  7- 9 || total
-------------------------+-------+-------+-------++-------
Melee: Unarmed           |    94 |   171 |    64 ||   329
       Punch             |     1 |     2 |     1 ||     4
Throw: Boomerang         |       |     1 |       ||     1
  Use: Scroll            |       |     9 |     1 ||    10
       Potion            |       |       |     1 ||     1
Armor: Leather armour    |    20 |    34 |    14 ||    68
Dodge: Dodged            |    65 |    97 |    21 ||   183

Table legend: (Time is in decaauts)
 A = Elapsed time spent in this place.
 B = Non-inter-level travel time spent in this place.
 C = Inter-level travel time spent in this place.
 D = Time resting spent in this place.
 E = Time spent auto-exploring this place.
 F = Levels seen in this place.
 G = Mean time per level.
                   A        B        C        D        E       F      G
               +--------+--------+--------+--------+--------+-----+--------+
         Total |   4684 |   4526 |    158 |    282 |   3477 |   6 |  780.7 |
       Dungeon |   4638 |   4491 |    147 |    282 |   3477 |   5 |  927.6 |
        Temple |     46 |     36 |     10 |      0 |      0 |   1 |   46.0 |
               +--------+--------+--------+--------+--------+-----+--------+

Top non-repeatable levels by time:
     D:3: 1640 daAuts
     D:2: 933 daAuts
     D:1: 805 daAuts
     D:4: 740 daAuts
     D:5: 519 daAuts
  Temple: 46 daAuts
